[Event "Titled Tuesday Blitz April 11 Early 2023"]
[White "Grigoriants, Sergey"]
[Black "Bluebaum, Matthias"]
[WhiteFideId "4130804"]
[BlackFideId "24651516"]
[WhiteElo "2502"]
[BlackElo "2638"]
[Result "0-1"]
[Round "05"]
[TimeControl "180+2"]
[Date "2023.04.11"]
[WhiteClock "0:00:03"]
[BlackClock "0:00:14"]

1. c4 e6 2. Nf3 d5 3. d4 Nf6 4. Nc3 Bb4 5. Bg5 h6 6. Bxf6 Qxf6 7. e3 c5 8. cxd5 exd5 9. Bb5+ Bd7 10. O-O Bxc3 11. Bxd7+ Nxd7 12. bxc3 O-O 13. dxc5 Qc6 14. Qd4 Nxc5 15. Rfd1 Rfd8 16. c4 dxc4 17. Qxc4 Qa4 18. Rd4 Qxc4 19. Rxc4 Ne6 20. Rac1 Rd6 21. g4 Rad8 22. Kg2 Ra6 23. R1c2 b5 24. Rc6 Rd6 25. Rc8+ Kh7 26. Ne5 f6 27. Nf3 b4 28. h4 h5 29. gxh5 Ra5 30. Ra8 Rda6 31. Rc4 Rxh5 32. Rxb4 Rxa2 33. Rc4 Rc5 34. Re4 Nc7 35. Rc8 Rcc2 36. Kg3 Nd5 37. Rxc2 Rxc2 38. Ra4 Nc3 39. Rxa7 Ne4+ 40. Kf4 Nxf2 41. Nd4 Rc4 42. Kf3 Nd3 43. Ne6 Ne5+ 44. Kg3 Rg4+ 45. Kh3 Kh6 46. Ra8 Re4 47. Rh8+ Kg6 48. Nf4+ Kf7 49. Ng2 Nc4 50. Ra8 Nxe3 51. Ra7+ Kg6 52. Nxe3 Rxe3+ 53. Kg4 Re4+ 54. Kg3 Rb4 55. Rc7 f5 56. Ra7 Rg4+ 57. Kh3 Rc4 58. Kg3 Kh6 59. Rb7 g6 60. Rb6 Kh5 0-1


[Site "https://www.chess.com"]

[Event "Titled Tuesday Blitz April 11 Early 2023"]
[White "Zhigalko, Sergei"]
[Black "Firouzja, Alireza"]
[WhiteFideId "13502956"]
[BlackFideId "12573981"]
[WhiteElo "2626"]
[BlackElo "2904"]
[Result "1-0"]
[Round "05"]
[TimeControl "180+2"]
[Date "2023.04.11"]
[WhiteClock "0:01:25"]
[BlackClock "0:00:07"]

1. e4 e5 2. Nf3 Nc6 3. Bb5 a6 4. Ba4 Nf6 5. O-O Be7 6. Re1 b5 7. Bb3 O-O 8. a4 b4 9. d3 Bc5 10. Bg5 h6 11. Bh4 g5 12. Bg3 d6 13. Nbd2 Bg4 14. c3 Nh5 15. Bd5 Qd7 16. Bxc6 Qxc6 17. Nxe5 dxe5 18. Qxg4 Nf4 19. d4 Be7 20. Nf3 bxc3 21. Nxe5 Qe6 22. bxc3 Bd6 23. Bxf4 Qxg4 24. Nxg4 Bxf4 25. Nxh6+ Kh7 26. Nf5 Bd2 27. Red1 Bxc3 28. Rac1 Ba5 29. Rc6 f6 30. h4 Bb6 31. hxg5 fxg5 32. Rd3 Kg8 33. Rg3 Kf7 34. Rxg5 Ke8 35. Rg7 1-0


[Site "https://www.chess.com"]

[Event "Titled Tuesday Blitz April 11 Early 2023"]
[White "Mitrabha, Guha"]
[Black "Sarana, Alexey"]
[WhiteFideId "5057000"]
[BlackFideId "24133795"]
[WhiteElo "2507"]
[BlackElo "2714"]
[Result "0-1"]
[Round "05"]
[TimeControl "180+2"]
[Date "2023.04.11"]
[WhiteClock "0:00:03"]
[BlackClock "0:00:56"]

1. d4 Nf6 2. Nf3 d5 3. Bf4 c5 4. e3 Nc6 5. c3 Qb6 6. Qc2 Bg4 7. Nbd2 e6 8. Qb3 c4 9. Qxb6 axb6 10. a3 b5 11. Rc1 Nd7 12. h3 Bh5 13. g4 Bg6 14. Nh4 Nb6 15. Nxg6 hxg6 16. Bg2 Kd7 17. Kd1 Na4 18. Kc2 Nxb2 19. Kxb2 Bxa3+ 20. Kc2 Bxc1 21. Rxc1 b4 22. e4 b3+ 23. Kd1 Ne7 24. Nf1 Ra2 25. Bd2 b5 26. Ne3 Kd6 27. Rb1 Rha8 28. Kc1 Ra1 29. Nd1 R8a2 30. Nb2 dxe4 31. Bxe4 Nd5 32. h4 f5 33. gxf5 gxf5 34. Bf3 Nb6 35. Bf4+ Kd7 36. d5 Nxd5 37. Be5 g6 38. Be2 Ke7 39. Bf3 Nb6 40. Bc6 Na4 41. Bxb5 Rxb1+ 42. Kxb1 Rxb2+ 43. Kc1 Rc2+ 44. Kd1 Nxc3+ 0-1


[Site "https://www.chess.com"]

[Event "Titled Tuesday Blitz April 11 Early 2023"]
[White "Zhu, Jiner"]
[Black "Korobov, Anton"]
[WhiteFideId "8608059"]
[BlackFideId "14105730"]
[WhiteElo "2384"]
[BlackElo "2638"]
[Result "0-1"]
[Round "05"]
[TimeControl "180+2"]
[Date "2023.04.11"]
[WhiteClock "0:00:02"]
[BlackClock "0:00:31"]

1. e4 c5 2. Nf3 d6 3. d4 cxd4 4. Nxd4 Nf6 5. Nc3 a6 6. Be3 e6 7. Be2 h5 8. a4 Nbd7 9. f4 b6 10. Bf3 Bb7 11. h3 Rc8 12. e5 Rxc3 13. bxc3 Nd5 14. Qd3 Qh4+ 15. Bf2 Qxf4 16. exd6 Bxd6 17. Ne2 Qf6 18. Rd1 Ne5 19. Qe4 Bc6 20. Nd4 Nxc3 21. Nxc6 Nxe4 22. Bxe4 Nxc6 23. Bxc6+ Ke7 24. O-O Qe5 25. Rfe1 Qh2+ 26. Kf1 Rc8 27. Be4 Bc5 28. Bh4+ f6 29. Bf3 g5 0-1


[Site "https://www.chess.com"]

[Event "Titled Tuesday Blitz April 11 Early 2023"]
[White "Nazari, Arad"]
[Black "Nakamura, Hikaru"]
[WhiteFideId "12577324"]
[BlackFideId "2016192"]
[WhiteElo "2242"]
[BlackElo "2885"]
[Result "0-1"]
[Round "05"]
[TimeControl "180+2"]
[Date "2023.04.11"]
[WhiteClock "0:01:40"]
[BlackClock "0:01:54"]

1. e4 e5 2. f4 exf4 3. Nf3 d5 4. exd5 Nf6 5. Bb5+ Nbd7 6. O-O Be7 7. Be2 O-O 8. c4 c6 9. dxc6 bxc6 10. d4 Bd6 11. Nc3 Re8 12. c5 Bc7 13. Bc4 Nf8 14. Ng5 Ne6 15. Nxe6 Bxe6 16. Bxe6 Rxe6 17. Bxf4 Bxf4 18. Rxf4 Qc7 19. Qf3 Rae8 20. Rf1 h5 21. d5 cxd5 22. Nxd5 Qxc5+ 0-1


[Site "https://www.chess.com"]

[Event "Titled Tuesday Blitz April 11 Early 2023"]
[White "Eljanov, Pavel"]
[Black "So, Wesley"]
[WhiteFideId "14102951"]
[BlackFideId "5202213"]
[WhiteElo "2598"]
[BlackElo "2749"]
[Result "1-0"]
[Round "05"]
[TimeControl "180+2"]
[Date "2023.04.11"]
[WhiteClock "0:00:11"]
[BlackClock "0:00:41"]

1. e4 c5 2. Nf3 d6 3. d4 cxd4 4. Nxd4 Nf6 5. Nc3 a6 6. Be2 e5 7. Nb3 Be7 8. Be3 Be6 9. Nd5 Bxd5 10. exd5 Nbd7 11. c4 a5 12. O-O O-O 13. Rc1 Ne4 14. Bd3 Nec5 15. Nxc5 Nxc5 16. Bxc5 dxc5 17. Qh5 g6 18. Qxe5 Re8 19. Qg3 Bd6 20. Qf3 Qb6 21. Rc2 Re7 22. Re2 Rae8 23. Rfe1 Qb4 24. Rxe7 Rxe7 25. Rxe7 Bxe7 26. Qe2 Bf6 27. b3 Qc3 28. g3 Kg7 29. Kg2 b6 30. Be4 Be5 31. h4 h5 32. Bf3 Qd4 33. Qe4 Qb2 34. Qd3 Bd6 35. Qe2 Qd4 36. Qe8 Be5 37. Qe7 Bf6 38. Qe4 Qd2 39. Qe2 Qd4 40. Qe4 Qd2 41. Qe2 Qd4 42. Qe3 Qxe3 43. fxe3 Be5 44. g4 hxg4 45. Bxg4 Bd6 46. Kf3 f5 47. Bh3 Kh6 48. e4 fxe4+ 49. Kxe4 Kh5 50. Kf3 Kxh4 51. Bd7 Kg5 52. Bc8 Kf6 53. Ke4 Kg5 54. Kf3 Kh4 55. Bd7 Be5 56. Ke4 Bg3 57. Kf3 Bd6 58. Be8 Kg5 59. Bd7 Kf6 60. Ke4 Bc7 61. Bc8 Ke7 62. Bg4 Bh2 63. Be6 Kf6 64. Bd7 Bc7 65. Be8 Kg5 66. Bf7 Kh5 67. Kf3 Kh6 68. Ke4 Bd6 69. Be8 Kg5 70. Bf7 Bb8 71. Be8 Kf6 72. Kf3 g5 73. Ke4 g4 74. Bd7 g3 75. Bh3 Bd6 76. Bg2 Kg5 77. Bh3 Kh4 78. Bg2 Kg4 79. Ke3 Bf4+ 80. Ke4 Bb8 81. Ke3 Be5 82. Ke4 Bf4 83. Bf3+ Kg5 84. Bg2 Bc7 85. Bf3 Kh4 86. Kf5 Kh3 87. Ke6 g2 88. Bxg2+ Kxg2 89. d6 Bd8 90. Kd7 Bh4 91. Kc6 Kf3 92. Kxb6 Ke3 93. Kxc5 Kd3 94. Kd5 Kc3 95. c5 Kb2 96. c6 Kxa2 97. Kc4 1-0


[Site "https://www.chess.com"]

[Event "Titled Tuesday Blitz April 11 Early 2023"]
[White "Vachier-Lagrave, Maxime"]
[Black "Drygalov, Andrey"]
[WhiteFideId "623539"]
[BlackFideId "24171735"]
[WhiteElo "2740"]
[BlackElo "2466"]
[Result "0-1"]
[Round "05"]
[TimeControl "180+2"]
[Date "2023.04.11"]
[WhiteClock "0:00:45"]
[BlackClock "0:00:24"]

1. d4 Nf6 2. c4 e6 3. Nf3 d5 4. g3 Bb4+ 5. Bd2 Be7 6. Bg2 O-O 7. Qc2 Nbd7 8. O-O c6 9. a4 a5 10. Nc3 dxc4 11. e4 b6 12. Rfd1 Bb7 13. Bf4 Bb4 14. h4 h6 15. Rac1 b5 16. Ne5 Bxc3 17. bxc3 Nxe5 18. dxe5 Nd7 19. Rd6 Qe7 20. Rcd1 Nc5 21. Be3 Nd3 22. f4 Rfd8 23. Rxd8+ Rxd8 24. Qa2 Qc7 25. Kh2 Ba6 26. axb5 cxb5 27. Ra1 a4 28. Qa3 Bb7 29. h5 Bc6 30. Rb1 Qb7 31. Bf1 Bxe4 32. g4 Nxe5 33. fxe5 Bxb1 34. g5 Qf3 35. Qe7 Rc8 36. Qd7 Rf8 37. Bc5 Qxh5+ 38. Kg1 Qxg5+ 39. Kf2 Qf5+ 40. Kg1 Qg4+ 41. Kf2 Qf4+ 42. Kg1 Qg3+ 43. Bg2 Be4 0-1


[Site "https://www.chess.com"]

[Event "Titled Tuesday Blitz April 11 Early 2023"]
[White "Lazavik, Denis"]
[Black "Ibarra Jerez, Jose Carlos"]
[WhiteFideId "13515110"]
[BlackFideId "2226332"]
[WhiteElo "2560"]
[BlackElo "2638"]
[Result "1-0"]
[Round "05"]
[TimeControl "180+2"]
[Date "2023.04.11"]
[WhiteClock "0:01:49"]
[BlackClock "0:00:48"]

1. d4 d6 2. Nf3 g6 3. c4 Bg7 4. g3 Nd7 5. Bg2 e5 6. Nc3 exd4 7. Nxd4 Ne7 8. O-O O-O 9. Bf4 Nb6 10. Qd3 Nf5 11. Nc2 Re8 12. Rad1 Be6 13. b3 Qc8 14. e4 Ne7 15. Nd5 Nexd5 16. cxd5 Bd7 17. Nd4 Qd8 18. Rc1 a6 19. a4 a5 20. Rc2 Rc8 21. Rfc1 Re7 22. Bg5 f6 23. Bd2 Qe8 24. Bxa5 Na8 25. Bb4 Bh6 26. f4 g5 27. f5 g4 28. Bd2 Bxd2 29. Qxd2 c5 30. Ne6 Kh8 31. Qf4 Qg8 32. Qxd6 1-0


[Site "https://www.chess.com"]

[Event "Titled Tuesday Blitz April 11 Early 2023"]
[White "Paravyan, David"]
[Black "Rustemov, Alexander"]
[WhiteFideId "4194985"]
[BlackFideId "4119002"]
[WhiteElo "2563"]
[BlackElo "2888"]
[Result "1-0"]
[Round "05"]
[TimeControl "180+2"]
[Date "2023.04.11"]
[WhiteClock "0:00:42"]
[BlackClock "0:00:18"]

1. d4 d5 2. c4 c6 3. Nf3 Nf6 4. e3 Bf5 5. Nc3 e6 6. Nh4 Be4 7. f3 Bg6 8. Bd2 Nbd7 9. Qb3 Qc7 10. Rc1 Nb6 11. cxd5 exd5 12. g3 Be7 13. Be2 O-O 14. Nxg6 hxg6 15. Kf2 Rfe8 16. Kg2 Bf8 17. Bd3 Qd7 18. h4 Re6 19. Ne2 Bd6 20. a4 Rae8 21. a5 Nc8 22. a6 b5 23. Qc2 Bb8 24. Nf4 Bxf4 25. exf4 Ne7 26. Rhe1 Nf5 27. Rxe6 Rxe6 28. Qc5 Nh5 29. g4 Nxh4+ 30. Kf2 Rf6 31. f5 gxf5 32. gxh5 f4 33. Re1 Qh3 34. Re8# 1-0


[Site "https://www.chess.com"]

[Event "Titled Tuesday Blitz April 11 Early 2023"]
[White "Kuzubov, Yuriy"]
[Black "Vidit, Santosh Gujrathi"]
[WhiteFideId "14112906"]
[BlackFideId "5029465"]
[WhiteElo "2496"]
[BlackElo "2651"]
[Result "0-1"]
[Round "05"]
[TimeControl "180+2"]
[Date "2023.04.11"]
[WhiteClock "0:00:01"]
[BlackClock "0:00:08"]

1. d4 Nf6 2. c4 e6 3. Nc3 Bb4 4. Qc2 d5 5. a3 Bxc3+ 6. Qxc3 O-O 7. Nf3 Nbd7 8. Bg5 h6 9. Bh4 b6 10. cxd5 exd5 11. e3 c5 12. Bb5 g5 13. Bg3 Ne4 14. Qc2 Ndf6 15. O-O Bf5 16. Qd1 Qe7 17. dxc5 bxc5 18. Bd3 a5 19. Rc1 Rfc8 20. Be5 Ng4 21. Bc3 Re8 22. Bxe4 Bxe4 23. h3 Nf6 24. Nh2 Rac8 25. Bxa5 Bg6 26. Bc3 Red8 27. Re1 Ne4 28. b4 Nxc3 29. Rxc3 cxb4 30. Rxc8 Rxc8 31. axb4 Qxb4 32. Ng4 Kg7 33. Qa1+ Qc3 34. Ne5 Qxa1 35. Rxa1 Bf5 36. Nf3 Rc7 37. Nd4 Bd7 38. Ra5 Be6 39. g4 Kf6 40. Kg2 Rb7 41. Ra6 Rb2 42. Kg3 Rb3 43. Ra7 Rc3 44. Nf3 Rd3 45. Rc7 Ra3 46. Nd4 Kg6 47. h4 Ra2 48. h5+ Kf6 49. Rb7 Ra1 50. Nxe6 fxe6 51. Rh7 Rg1+ 52. Kf3 e5 53. Rxh6+ Kf7 54. Rd6 e4+ 55. Ke2 Rxg4 56. Rxd5 Kf6 57. Rd6+ Kf5 58. h6 Rh4 59. Ra6 Rh1 60. Kd2 Rh2 61. Kc3 Rxf2 62. Ra7 Kg6 63. h7 Rf8 64. Kd4 Re8 0-1


[Site "https://www.chess.com"]

[Event "Titled Tuesday Blitz April 11 Early 2023"]
[White "Svane, Rasmus"]
[Black "Salinas Herrera, Pablo"]
[WhiteFideId "4657101"]
[BlackFideId "3407128"]
[WhiteElo "2597"]
[BlackElo "2546"]
[Result "1/2-1/2"]
[Round "05"]
[TimeControl "180+2"]
[Date "2023.04.11"]
[WhiteClock "0:00:06"]
[BlackClock "0:00:07"]

1. Nf3 d5 2. g3 Nf6 3. Bg2 Bg4 4. O-O e6 5. h3 Bh5 6. d4 Nbd7 7. c4 c6 8. cxd5 exd5 9. Ne5 Be7 10. Nc3 O-O 11. f4 h6 12. f5 Bd6 13. Bf4 Re8 14. g4 Nxe5 15. dxe5 Bxe5 16. Bxe5 Rxe5 17. e4 Qb6+ 18. Rf2 dxe4 19. Qe2 Rd8 20. Rd1 Rxd1+ 21. Nxd1 Nd5 22. gxh5 Nf4 23. Qe3 Rxf5 24. Qxb6 axb6 25. Kh2 Rf6 26. Bxe4 Nxh5 27. Rxf6 Nxf6 28. Bf5 b5 29. Bc8 b6 30. Bb7 c5 31. Nc3 b4 32. Na4 Nd7 33. Bc6 Ne5 34. Bb5 Nf3+ 35. Kg3 Nd4 36. Bf1 Kf8 37. Nxb6 Ke7 38. Kf4 Kd6 39. Nc4+ Ke6 40. a4 bxa3 41. bxa3 g5+ 42. Ke3 f5 43. a4 Kd5 44. Kd3 f4 45. a5 h5 46. a6 Kc6 47. Ke4 f3 48. Nd2 g4 49. Kf4 Kb6 50. hxg4 hxg4 51. Kxg4 Nc6 52. Kxf3 Nb4 53. Nc4+ Kxa6 54. Ke4 Kb5 55. Be2 Kc6 56. Ne5+ Kd6 57. Nc4+ Kc6 58. Ne3 Kd6 59. Bc4 Kc6 60. Bb3 Kd6 61. Nc4+ Ke6 62. Nb2+ Kd6 63. Na4 Nc6 64. Nc3 Nd4 65. Bc4 Kc6 66. Ke5 Nf3+ 67. Kf6 Nd2 68. Bd5+ Kb6 69. Ke5 Ka5 70. Kf4 Kb4 71. Ne2 c4 72. Ke3 Nb3 73. Nf4 Kc5 74. Bf3 Nd4 75. Bg2 Nc2+ 76. Kd2 Nd4 77. Kc3 Nb5+ 78. Kb2 Kd4 79. Ne6+ Ke5 80. Nc5 Kd4 81. Ne6+ Ke5 82. Ng5 Kf4 83. Nf7 Ke3 84. Bc6 Nd4 85. Bd5 c3+ 86. Kxc3 Nf5 87. Be6 Ng3 88. Nd6 Ne4+ 89. Nxe4 Kxe4 1/2-1/2


[Site "https://www.chess.com"]

[Event "Titled Tuesday Blitz April 11 Early 2023"]
[White "Demchenko, Anton"]
[Black "Durarbayli, Vasif"]
[WhiteFideId "4160258"]
[BlackFideId "13402935"]
[WhiteElo "2545"]
[BlackElo "2551"]
[Result "0-1"]
[Round "05"]
[TimeControl "180+2"]
[Date "2023.04.11"]
[WhiteClock "0:00:09"]
[BlackClock "0:00:10"]

1. e4 c5 2. Nc3 a6 3. g3 g6 4. Bg2 Bg7 5. Nge2 Nc6 6. d3 d6 7. h3 Rb8 8. Be3 Nd4 9. Qd2 b5 10. Nd1 b4 11. Nc1 Bd7 12. c3 bxc3 13. bxc3 Nc6 14. O-O Qc8 15. Kh2 Nf6 16. Bh6 O-O 17. Bxg7 Kxg7 18. Ne3 Qb7 19. Nb3 Be6 20. Rab1 Qc7 21. f4 Na5 22. c4 Nc6 23. Nd5 Bxd5 24. exd5 Nd4 25. Nxd4 cxd4 26. Rbe1 Rb7 27. Re2 Rfb8 28. Rfe1 Qd8 29. f5 Nh5 30. g4 Rb2 31. Qc1 Rb1 32. Qg5 h6 33. Qxe7 Qxe7 34. Rxe7 Nf4 35. fxg6 Rxe1 36. Rxe1 Rb2 37. gxf7 Nxg2 38. Re7 Nf4+ 39. Kg3 Nxd3 40. h4 Ne5 41. c5 Nxf7 42. cxd6 Rb6 43. d7 Rd6 44. Kf3 d3 45. Ke3 Rxd5 46. Kd2 Kf6 47. Re3 Ne5 48. g5+ hxg5 49. hxg5+ Kf5 50. g6 Rxd7 51. Rg3 Nxg6 52. Rxd3 Rxd3+ 53. Kxd3 Ke6 54. Kc4 Kd6 55. Kb4 Kc6 56. Ka5 Kb7 57. a4 Ne7 58. Kb4 Nc8 59. Ka5 Ne7 60. Kb4 Kb6 61. Kc4 Ka5 62. Kc5 Nc8 63. Kc6 Nb6 64. Kb7 Nxa4 65. Kc6 Kb4 0-1


[Site "https://www.chess.com"]

[Event "Titled Tuesday Blitz April 11 Early 2023"]
[White "Rakhmatullaev, Almas"]
[Black "Gabrielian, Artur"]
[WhiteFideId "14205793"]
[BlackFideId "4131002"]
[WhiteElo "2221"]
[BlackElo "2432"]
[Result "1-0"]
[Round "05"]
[TimeControl "180+2"]
[Date "2023.04.11"]
[WhiteClock "0:00:12"]
[BlackClock "0:00:14"]

1. e4 c5 2. c3 Nf6 3. e5 Nd5 4. d4 cxd4 5. Qxd4 e6 6. Nf3 Nc6 7. Qe4 f5 8. Qe2 b5 9. g3 a5 10. Bg2 Ba6 11. Nh4 g6 12. Nxf5 b4 13. c4 exf5 14. Bxd5 Ne7 15. Bg2 Rc8 16. b3 d5 17. exd6 Qxd6 18. Bb2 Rg8 19. O-O Bg7 20. Bxg7 Rxg7 21. Nd2 Kf8 22. Rad1 Qf6 23. Rfe1 Nc6 24. Nf3 Re7 25. Qd2 Rce8 26. Rxe7 Rxe7 27. h4 Kg7 28. Qd6 Bb7 29. Qxf6+ Kxf6 30. Rd6+ Kg7 31. Ng5 Ne5 32. Ne6+ Kh6 33. Nd4 Bxg2 34. Nxf5+ Kh5 35. Nxe7 Be4 36. f4 Nd3 37. Rd4 Nc5 38. Nd5 Kg4 39. Nf6+ Kf3 40. Nxe4 Nxe4 41. Kh2 h5 42. Rxe4 Kxe4 43. Kh3 Kd4 44. g4 a4 45. bxa4 hxg4+ 46. Kxg4 Kxc4 47. f5 gxf5+ 48. Kxf5 Kc3 49. h5 Kb2 50. h6 Kxa2 51. h7 b3 52. h8=Q b2 53. Qxb2+ Kxb2 54. a5 1-0


[Site "https://www.chess.com"]

[Event "Titled Tuesday Blitz April 11 Early 2023"]
[White "Annaberdiyev, Meylis"]
[Black "Anton Guijarro, David"]
[WhiteFideId "14000563"]
[BlackFideId "2285525"]
[WhiteElo "2416"]
[BlackElo "2618"]
[Result "0-1"]
[Round "05"]
[TimeControl "180+2"]
[Date "2023.04.11"]
[WhiteClock "0:00:03"]
[BlackClock "0:00:19"]

1. e4 e5 2. Nf3 Nc6 3. Bc4 Nf6 4. d3 Be7 5. Nc3 O-O 6. O-O d6 7. a4 Be6 8. Re1 a5 9. Bd2 Qd7 10. Nd5 Bd8 11. c3 Bxd5 12. exd5 Ne7 13. Qb3 c6 14. dxc6 bxc6 15. Qc2 Ng6 16. b4 d5 17. Bb3 Re8 18. b5 h6 19. c4 Rc8 20. c5 e4 21. Nd4 cxb5 22. c6 Qd6 23. axb5 Ng4 24. g3 Bb6 25. Bc3 Nh4 26. Qd1 Bxd4 27. Bxd4 Nf3+ 28. Kg2 Nxd4 29. Qxg4 Nxb3 30. Rad1 Qc5 31. dxe4 d4 32. Qf5 Qxf5 33. exf5 Rxe1 34. Rxe1 a4 35. b6 Nc5 36. c7 Kf8 37. Rc1 Nb7 38. Rc4 a3 39. Rxd4 Ke7 40. Ra4 Kd7 41. Rxa3 Kc6 42. Rb3 Nc5 43. Rb1 Kb7 44. f6 gxf6 45. Kf3 Nd7 46. Rb5 Nxb6 47. Rh5 Rh8 48. Rf5 Nd7 49. Rd5 Kxc7 50. h4 Kc6 51. Rd1 h5 52. Kf4 Re8 53. Rd2 Re5 54. f3 Rd5 55. Re2 Kd6 56. Rc2 Rd4+ 57. Ke3 Ra4 58. Rd2+ Ke6 59. Rc2 Ne5 60. Rc3 Kf5 0-1


[Site "https://www.chess.com"]

[Event "Titled Tuesday Blitz April 11 Early 2023"]
[White "Andreikin, Dmitry"]
[Black "Rodshtein, Maxim"]
[WhiteFideId "4158814"]
[BlackFideId "2806851"]
[WhiteElo "2736"]
[BlackElo "2555"]
[Result "1-0"]
[Round "05"]
[TimeControl "180+2"]
[Date "2023.04.11"]
[WhiteClock "0:00:07"]
[BlackClock "0:00:02"]

1. Nf3 d5 2. e3 Nf6 3. c4 e6 4. d4 b6 5. Nc3 Bb7 6. cxd5 exd5 7. Bb5+ Nbd7 8. Ne5 a6 9. Bd3 Nxe5 10. dxe5 Nd7 11. e6 fxe6 12. Qh5+ Ke7 13. e4 g6 14. Bg5+ Ke8 15. Qh4 Be7 16. f4 d4 17. Ne2 Nc5 18. O-O-O Nxd3+ 19. Rxd3 c5 20. Ng3 Bxg5 21. fxg5 Qc7 22. Rf1 Rf8 23. Rf6 Rxf6 24. gxf6 e5 25. f7+ Qxf7 26. Rf3 Qe7 27. Qh6 Kd7 28. h4 c4 29. h5 Rg8 30. hxg6 hxg6 31. Qh3+ Kc7 32. Qh6 b5 33. Rf2 b4 34. Nf1 c3 35. Ng3 d3 36. Qe3 d2+ 37. Kc2 Rd8 38. Rf1 cxb2 39. Rd1 Qd6 40. Nf1 Qd4 41. Qxd4 Rxd4 42. Kxb2 Bxe4 43. Nxd2 Bxg2 44. Rc1+ Kd7 45. Nc4 Ke6 46. Ne3 Be4 47. Rc5 Rd3 48. Nc4 Rd5 49. Rc6+ Kf5 50. Ne3+ Kg5 51. Nxd5 Bxd5 52. Rxa6 e4 53. Ra5 Kf4 54. Rxd5 g5 55. Kc2 g4 56. Kd2 g3 57. Ke2 Kg4 58. Rd4 Kh3 59. Rxe4 g2 60. Kf2 1-0


[Site "https://www.chess.com"]

[Event "Titled Tuesday Blitz April 11 Early 2023"]
[White "Sadhwani, Raunak"]
[Black "Fishchuk, Vladyslav"]
[WhiteFideId "35093487"]
[BlackFideId "34122117"]
[WhiteElo "2631"]
[BlackElo "2082"]
[Result "1/2-1/2"]
[Round "05"]
[TimeControl "180+2"]
[Date "2023.04.11"]
[WhiteClock "0:00:05"]
[BlackClock "0:00:08"]

1. Nf3 d5 2. b3 Bg4 3. Bb2 Bxf3 4. exf3 e6 5. f4 Nf6 6. g3 h5 7. h4 g6 8. Bg2 Bg7 9. O-O O-O 10. d3 Nbd7 11. Nd2 c6 12. Nf3 Ne8 13. Bxg7 Nxg7 14. Re1 Nf5 15. Bh3 Qf6 16. Bxf5 Qxf5 17. Qd2 a5 18. a4 Qf6 19. Rad1 b6 20. Re2 Qe7 21. f5 gxf5 22. Qh6 Qf6 23. Qxh5 Kg7 24. Kg2 b5 25. axb5 cxb5 26. c4 Rh8 27. Qg5+ Qxg5 28. hxg5 dxc4 29. dxc4 Nc5 30. cxb5 Rhb8 31. Nd4 Ne4 32. Rc1 Nd6 33. Rc5 a4 34. Ra2 axb3 35. Rxa8 Rxa8 36. Nxb3 Ra4 37. b6 Rb4 38. Rc6 Nc4 39. Nc5 Rxb6 40. Nxe6+ fxe6 41. Rxc4 Rb2 42. Kf1 Rb3 43. Kg2 Rb2 44. Kf1 Rb3 45. Rc6 Kg6 46. f4 Rxg3 47. Rxe6+ Kh5 48. Kf2 Ra3 49. Re3 Ra2+ 50. Kg3 Ra1 51. Re6 Rg1+ 52. Kf2 Rg4 53. Kf3 Rg3+ 54. Kf2 Ra3 55. Re3 Ra4 56. Kf3 Ra2 57. Rd3 Ra4 58. Kg3 Ra2 59. Re3 Rb2 60. Rc3 Ra2 61. Kf3 Rb2 62. Ke3 Ra2 63. Kd4 Kg4 64. Ke5 Ra5+ 65. Kf6 Kxf4 66. g6 Ra6+ 67. Kg7 Kg5 68. Rg3+ Kf4 69. Rg1 Rb6 70. Kh6 Ke3 71. Kh5 f4 72. g7 Rb8 73. g8=Q Rxg8 74. Rxg8 f3 75. Re8+ Kd2 76. Rd8+ Ke2 77. Re8+ Kd2 78. Rf8 Ke2 79. Re8+ Kd2 1/2-1/2


[Site "https://www.chess.com"]

[Event "Titled Tuesday Blitz April 11 Early 2023"]
[White "Martinez Alcantara, Jose Eduardo"]
[Black "Weetik, Vjacheslav"]
[WhiteFideId "3805662"]
[BlackFideId "4153472"]
[WhiteElo "2711"]
[BlackElo "2469"]
[Result "1-0"]
[Round "05"]
[TimeControl "180+2"]
[Date "2023.04.11"]
[WhiteClock "0:01:35"]
[BlackClock "0:00:02"]

1. e4 c5 2. Nf3 Nc6 3. Bb5 g6 4. c3 Nf6 5. Qe2 Bg7 6. O-O O-O 7. h3 e5 8. d3 d6 9. Bg5 h6 10. Bxf6 Bxf6 11. Nbd2 Bg7 12. a3 Ne7 13. b4 g5 14. Kh2 Ng6 15. Qe3 cxb4 16. axb4 d5 17. exd5 Qxd5 18. Bc4 Qd6 19. Ne4 Qb8 20. g3 Kh8 21. Nexg5 hxg5 22. Qxg5 Kh7 23. Qh5+ Bh6 24. Bxf7 Rxf7 25. Ng5+ Kg7 26. Nxf7 Kxf7 27. Qxh6 Qd6 28. f4 e4 29. f5 1-0


[Site "https://www.chess.com"]

[Event "Titled Tuesday Blitz April 11 Early 2023"]
[White "Steinberg, Nitzan"]
[Black "Riff, Vincent"]
[WhiteFideId "2801795"]
[BlackFideId "617776"]
[WhiteElo "2486"]
[BlackElo "2369"]
[Result "0-1"]
[Round "05"]
[TimeControl "180+2"]
[Date "2023.04.11"]
[WhiteClock "0:00:52"]
[BlackClock "0:00:32"]

1. Nf3 Nf6 2. d4 d5 3. Bf4 e6 4. e3 c5 5. Nbd2 Nc6 6. c3 Be7 7. Bd3 O-O 8. h3 h6 9. O-O Bd6 10. Ne5 Qc7 11. Ndf3 Nd7 12. Nxc6 bxc6 13. Bxd6 Qxd6 14. e4 cxd4 15. cxd4 dxe4 16. Bxe4 Ba6 17. Re1 Bc4 18. Ne5 Nxe5 19. dxe5 Qxd1 20. Rexd1 Bd5 21. Rd4 Rfb8 22. b3 a5 23. Rc1 Rb4 24. Rxb4 axb4 25. Bb1 Kf8 26. f4 Ke7 27. Kf2 Kd7 28. h4 h5 29. g3 g6 30. Ke3 Kc7 31. Kd4 Kb6 32. Rc5 Rd8 33. Rc1 Bxb3+ 34. Ke3 Bd5 35. Rc2 c5 36. Rb2 Kb5 37. Bc2 c4 38. Bd1 c3 39. Rb1 Bxa2 40. Rc1 Bc4 41. g4 Rd3+ 42. Ke4 Rxd1 43. Rxd1 b3 44. Rd8 c2 0-1


[Site "https://www.chess.com"]

[Event "Titled Tuesday Blitz April 11 Early 2023"]
[White "Levitskiy, Andrey"]
[Black "Xiong, Jeffery"]
[WhiteFideId "14132885"]
[BlackFideId "2047640"]
[WhiteElo "2341"]
[BlackElo "2726"]
[Result "0-1"]
[Round "05"]
[TimeControl "180+2"]
[Date "2023.04.11"]
[WhiteClock "0:00:01"]
[BlackClock "0:00:46"]

1. e4 e6 2. d3 c5 3. Nf3 Nc6 4. g3 g6 5. Bg2 Bg7 6. O-O Nge7 7. Re1 O-O 8. Nbd2 d6 9. a3 b5 10. h4 h6 11. Nf1 a5 12. c3 Rb8 13. Bd2 b4 14. axb4 axb4 15. Ne3 Kh7 16. h5 g5 17. Ng4 f5 18. exf5 exf5 19. Nxg5+ hxg5 20. Bxg5 Qd7 21. h6 Bh8 22. Qa4 Qc7 23. Bxe7 Nxe7 24. Qa7 Bb7 25. Ne3 bxc3 26. bxc3 Bxc3 27. Nc4 Bxa1 28. Qxa1 Ng6 29. Re6 d5 30. Ne3 d4 31. Nd5 Qd7 0-1


[Site "https://www.chess.com"]

[Event "Titled Tuesday Blitz April 11 Early 2023"]
[White "Kosteniuk, Alexandra"]
[Black "Terry, Renato"]
[WhiteFideId "4128125"]
[BlackFideId "3803457"]
[WhiteElo "2453"]
[BlackElo "2575"]
[Result "0-1"]
[Round "05"]
[TimeControl "180+2"]
[Date "2023.04.11"]
[WhiteClock "0:00:07"]
[BlackClock "0:00:06"]

1. e4 e6 2. d4 d5 3. Nc3 Nf6 4. e5 Nfd7 5. f4 c5 6. Nf3 Nc6 7. Ne2 Rb8 8. c3 b5 9. a3 b4 10. axb4 cxb4 11. g3 a5 12. Bg2 Ba6 13. O-O Be7 14. Rf2 O-O 15. Qc2 f5 16. exf6 Bxf6 17. Bh3 Qe7 18. g4 g6 19. Ng3 Qd6 20. Bd2 Nb6 21. Re1 Rbe8 22. g5 Bg7 23. Bg4 bxc3 24. bxc3 a4 25. Bc1 Bc4 26. Qb2 Na8 27. Qa1 Nb6 28. Ba3 Qxf4 29. Bxe6+ Kh8 30. Bxf8 Rxf8 31. Qb2 Bb3 32. Ref1 Qe3 33. Re1 Qf4 34. Rff1 Qd6 35. Bh3 Nc4 36. Qa1 a3 37. Rf2 a2 38. Bg2 Qd8 39. Rxa2 Bxa2 40. Qxa2 Qb6 41. Kh1 Qb5 42. Qe2 Qb3 43. Qd3 Nb2 44. Qd2 Nc4 45. Qd3 Qb2 46. h4 Qf2 47. Kh2 Nb2 48. Qe2 Qxe2 49. Rxe2 Na4 50. h5 gxh5 51. Re6 Nd8 52. Re3 h6 53. Nxh5 hxg5 54. Nxg7 Kxg7 55. Nxg5 Rf5 56. Nh3 Nc6 57. Rg3+ Kf6 58. Kg1 Na7 59. Nf2 Nb5 60. Ng4+ Ke7 61. Ne3 Rf8 62. Nxd5+ Kd6 63. c4 Nxd4 64. Ra3 Nc5 65. Re3 Nf5 66. Rf3 Rf7 67. Ne3 Nh6 68. Rh3 Ng8 69. Rh8 Nf6 70. Rh6 Ke5 71. Nd5 Nxd5 72. Bxd5 Rg7+ 73. Kf2 Kd4 74. Rh4+ Kc3 75. Rh5 Kd2 76. Rf5 Nd3+ 77. Kf3 Re7 78. Rf7 Ne5+ 79. Kf4 Nxf7 80. Bxf7 Rxf7+ 81. Ke5 Kc3 82. c5 Kb4 83. Kd6 Kb5 84. c6 Rf6+ 0-1


[Site "https://www.chess.com"]